 Dungeon Crawl Stone Soup version 0.31.0-12-g77e489cdc1 (webtiles) character file.

Game seed: 15083268829269022520

2051 ChrisAssaf the Ducker (level 9, -2/62 HPs)
             Began as a Djinni Summoner on Feb 11, 2024.
             Was a Priest of Cheibriados.
             Slain by a wight
             ... wielding a +2 battleaxe
              (12 damage)
             ... on level 6 of the Dungeon.
             The game lasted 00:27:00 (5890 turns).

ChrisAssaf the Ducker (Djinni Summoner)             Turns: 5890, Time: 00:27:01

Health: -2/62      AC:  3    Str: 16    XL:     9   Next: 49%
Gold:   208        EV: 16    Int: 25    God:    Cheibriados [***...] SH:  0 Dex: 25

rFire   + . .        i - +6 dagger "Punos" {venom, Dex+3}
rCold   . . .        (no shield)
rNeg    . . .        q - +0 troll leather armour {Pargi}
rPois   ∞            (no helmet)
rElec   .            (no cloak)
rCorr   .            (no gloves)
SInv    .            (boots unavailable)
Will    .....        (no amulet)
Stlth   +++          n - ring of ice
HPRegen 1.10/turn    (no ring)
MPRegen 0.00/turn

%: infuse magic (-3 HP)
@: mighty, unable to call your familiar, flying, hasted, slow
A: sickness immunity, fire resistance 2, cold vulnerability 1, float, innate
caster, HP casting, extra vitality 1
a: Renounce Religion, Bend Time, Temporal Distortion


You were on level 6 of the Dungeon.
You worshipped Cheibriados.
Cheibriados was most pleased with you.
You visited 1 branch of the dungeon, and saw 6 of its levels.
You also visited: Sewer.

You collected 361 gold pieces.
You spent 153 gold pieces at shops.

Inventory:

Hand Weapons
 i - the +6 dagger "Punos" (weapon) {venom, Dex+3}
   (You found it on level 4 of the Dungeon)

   Dex+3:     It affects your dexterity (+3).
Missiles
 m - 5 javelins (quivered)
 r - a throwing net
Armour
 a - a +2 robe
 k - the +0 scale mail "Iphumyant" {rF++}
   (You bought it in a shop on level 2 of the Dungeon)

   rF++:      It greatly protects you from fire.
 q - a +0 troll leather armour (worn) {Pargi}
Jewellery
 n - a ring of ice (left hand)
Talismans
 b - a blade talisman
Wands
 d - a wand of flame (31)
 e - a wand of polymorph (9)
 h - a wand of paralysis (8)
 l - a wand of iceblast (2)
 s - a wand of digging (5)
Scrolls
 c - 5 scrolls of noise
 g - a scroll of enchant armour
 j - a scroll of enchant weapon
 p - a scroll of teleportation
Potions
 o - a potion of haste


   Skills:
 * Level 3.7 Fighting
 * Level 2.9 Short Blades
 * Level 1.5 Throwing
 * Level 3.7 Armour
 * Level 5.2 Dodging
 * Level 4.3 Stealth
 * Level 4.5 Spellcasting
 * Level 4.5 Conjurations
 * Level 4.5 Hexes
 * Level 4.5 Summonings
 * Level 4.5 Necromancy
 * Level 4.5 Translocations
 * Level 4.5 Fire Magic
 * Level 4.5 Ice Magic
 * Level 4.5 Air Magic
 * Level 4.5 Earth Magic
 * Level 4.5 Alchemy
 * Level 2.9 Invocations
 * Level 3.2 Evocations
 * Level 3.0 Shapeshifting


You knew the following spells:

 Your Spells              Type           Power      Damage    Failure   Level
a - Summon Small Mammal   Summ           100%       N/A       1%          1
b - Call Imp              Summ           56%        N/A       2%          2
c - Call Canine Familiar  Summ           28%        N/A       4%          3
d - Summon Blazeheart Go  Fire/Summ      28%        N/A       16%         4
e - Summon Lightning Spi  Summ/Air       28%        N/A       16%         4
f - Magic Dart            Conj           100%       1d8       1%          1
g - Ensorcelled Hibernat  Hex/Ice        84%        N/A       2%          2
h - Momentum Strike       Conj/Tloc      56%        3d9       2%          2
i - Sigil of Binding      Hex            28%        N/A       4%          3
Your spell library was empty.

Dungeon Overview and Level Annotations

Branches:
Dungeon (6/15)              Sewer (visited)
 Temple: D:4-7

Altars:
Ashenzari
Cheibriados
Uskayaw
Xom
Yredelemnul
Zin

Shops:
D:2 [?(   D:5 :


Innate Abilities, Weirdness & Mutations

You are immune to sickness and miasma.
You are immune to poison.
Your flesh is very heat resistant. (rF++)
You are vulnerable to cold. (rC-)
You float through the air rather than walking.
You learn spells naturally, not from books.
Your magical power is your life essence.
You have superior vitality. (+4 MHP)


Message History

You hit the wight.
The wight is lightly damaged.
Your inugami closely misses the orc.
The orc hits your inugami with a +0 war axe.
The wight hits you with a +2 battleaxe!
* * * LOW HITPOINT WARNING * * *
The wight hits your inugami with a +2 battleaxe!
You puncture the wight!
The wight is severely damaged.
Your inugami barely misses the orc.
The wight barely misses you.
The wight hits your inugami with a +2 battleaxe.
The orc barely misses your inugami. Something hits you but does no damage.
You closely miss the wight.
The wight is severely damaged.
Your inugami hits the orc. The orc closely misses your inugami.
The wight closely misses you.
The wight hits your inugami with a +2 battleaxe!
Your inugami dies!
Your inugami disappears in a puff of smoke!
You hit the wight.
The wight is almost destroyed.
You hear some strange, mumbled words.
A magic dart appears from out of thin air!
The magic dart hits you!
* * * LOW HITPOINT WARNING * * *
Unknown command.
Casting: Call Canine Familiar (dangerous; 4% risk of failure)
Confirm with . or Enter, or press ? or * to list all spells.
Your canine familiar is too injured to answer your call.
Unknown command.
Unknown command.
Okay, then.
Casting: Call Canine Familiar (dangerous; 4% risk of failure)
Confirm with . or Enter, or press ? or * to list all spells.
Okay, then.
It was a potion of haste.
You feel yourself speed up.
Cheibriados forgives your accidental hurry, just this once.
The wight closely misses you. Something closely misses you.
The wight attacks as it pursues you! The wight hits you with a +2 battleaxe!
You die...

#.....# ##.......####....#
##.#### #.....#.## ######
#.### #.......# ####
#...#######...#.#### .<..(
###..........).....#......
########..#.#.......#
#..#......)..#
#....o.......#
###.@z.........#
#......##.......#
######.##...#...##.#.#
#.......#..............
####.#..#.#....######..
###..#........#
#.#..###..#..##
#....###.....#
#...##.......#


You could see a wight and an orc.

Vanquished Creatures
  The ghost of Lhightning the Cleaver, a novice HOMo of Hepliaklqana (D:5)
  Sigmund (D:2)
  A nameless horror (D:1)
  Duvessa (D:5)
  Edmund (D:5)
  Pargi (Sewer)
  An ice beast (D:6)
  A phantom (D:6)
  Dowan (D:5)
  A hound (D:6)
  Crazy Yiuf (D:4)
  A gnoll bouda (D:6)
  An iguana (D:5)
  A scorpion zombie (D:5)
  5 gnolls (D:6)
  3 adders
  A shadow imp (D:6)
  An ufetubus (D:5)
  An adder zombie (D:5)
  2 dart slugs
  3 ribbon worms
  3 orcs
  3 bats
  An endoplasm (D:2)
  3 giant cockroaches
  A goblin (D:1)
  3 hobgoblins
  4 jackals
  2 quokkas
  7 ball pythons
  2 frilled lizards
  3 kobolds
  4 rats
66 creatures vanquished.

Vanquished Creatures (collateral kills)
  Grinder (D:5)
  An orc warrior (D:6)
  Blork the orc (D:4)
  2 scorpions
  A howler monkey (D:4)
  A bombardier beetle (D:4)
  Ijyb (D:5)
  An iguana (D:5)
  An adder (D:2)
  A shadow imp (D:5)
  An ufetubus (D:5)
  A dart slug (D:2)
  A ribbon worm (D:2)
  8 orcs
  2 bats
  3 endoplasms
  A giant cockroach (D:4)
  2 hobgoblins
  9 jackals
  5 quokkas
  2 ball pythons
  A frilled lizard (D:1)
  5 goblins
  A kobold (D:1)
  2 rats (D:3)
55 creatures vanquished.

Vanquished Creatures (others)
  An orc wizard (D:4)
  A blazeheart core (D:6)
2 creatures vanquished.

Grand Total: 123 creatures vanquished

Notes
Turn   | Place    | Note
-------+----------+-------------------------------------------
     0 | D:1      | ChrisAssaf the Djinni Summoner began the quest for the Orb.
     0 | D:1      | ChrisAssaf set off with the following spells memorised:
                  | Summon Small Mammal, Call Imp, Call Canine Familiar, Summon
                  | Blazeheart Golem, Summon Lightning Spire.
     0 | D:1      | Reached XP level 1. HP: 15/15 MP: 0/0
   155 | D:1      | Reached XP level 2. HP: 21/21 MP: 0/0
   227 | D:2      | Found Sotes's Weapon Emporium.
   363 | D:2      | Found Gaahasma's Magic Scroll Boutique.
   378 | D:2      | Noticed Sigmund
   757 | D:2      | Reached XP level 3. HP: 16/26 MP: 0/0
   757 | D:2      | Learned a level 1 spell: Magic Dart
   908 | D:3      | Reached skill level 1 in Fighting
  1080 | D:3      | Reached skill level 1 in Armour
  1159 | D:3      | Noticed a scorpion
  1167 | D:3      | Killed a scorpion
  1168 | D:3      | Reached skill level 1 in Shapeshifting
  1168 | D:3      | Reached XP level 4. HP: 29/32 MP: 0/0
  1168 | D:3      | Reached XP level 5. HP: 33/37 MP: 0/0
  1168 | D:3      | Learned a level 2 spell: Ensorcelled Hibernation
  1190 | D:3      | Found a glowing silver altar of Zin.
  1190 | D:3      | Found a snail-covered altar of Cheibriados.
  1192 | D:3      | Found a hide-covered altar of Uskayaw.
  1282 | D:3      | You are sucked into a shaft and drop 1 floor!
  1302 | D:4      | Reached skill level 3 in Dodging
  1636 | D:3      | Became a worshipper of Cheibriados the Contemplative
  1670 | D:4      | Noticed Blork the orc
  1673 | D:4      | Reached XP level 6. HP: 27/43 MP: 0/0
  1679 | D:4      | Killed Blork the orc
  1687 | D:4      | Found a broken altar of Ashenzari.
  1811 | D:4      | Identified the +6 dagger "Punos" {venom, Dex+3}
  1971 | D:4      | Reached skill level 1 in Evocations
  2139 | D:4      | Found a runed translucent door.
  2140 | D:4      | Noticed Crazy Yiuf
  2160 | D:4      | Killed Crazy Yiuf
  2161 | D:4      | Reached skill level 1 in Short Blades
  2400 | D:3      | Reached XP level 7. HP: 48/49 MP: 0/0
  2400 | D:3      | Learned a level 2 spell: Momentum Strike
  2490 | D:2      | Found a shimmering altar of Xom.
  2492 | D:2      | Reached * piety under Cheibriados
  2605 | D:2      | Killed Sigmund
  2606 | D:2      | Reached skill level 1 in Invocations
  2888 | D:2      | Found Kuuqewof's Antique Armour Emporium.
  2896 | D:2      | Bought a warped scale mail for 153 gold pieces
  2896 | D:2      | Identified the +0 scale mail "Iphumyant" {rF++} (You bought
                  | it in a shop on level 2 of the Dungeon)
  3033 | D:2      | Found a faded altar of an unknown god.
  3651 | D:1      | Reached ** piety under Cheibriados
  3811 | D:1      | Noticed a nameless horror
  3820 | D:1      | Killed a nameless horror
  4155 | D:5      | Entered Level 5 of the Dungeon
  4169 | D:5      | Found Kyoppoaz's Book Shoppe.
  4224 | D:5      | Noticed Duvessa
  4224 | D:5      | Noticed Dowan
  4254 | D:5      | Killed Duvessa
  4257 | D:5      | Killed Dowan
  4258 | D:5      | Reached XP level 8. HP: 22/55 MP: 0/0
  4291 | D:5      | Noticed Ijyb
  4295 | D:5      | Noticed Grinder
  4304 | D:5      | Killed Ijyb
  4307 | D:5      | Paralysed by Grinder for 4 turns
  4312 | D:5      | Killed Grinder
  4313 | D:5      | Reached skill level 4 in Dodging
  4470 | D:5      | Found a runed translucent gate.
  4470 | D:5      | Found a runed translucent gate.
  4470 | D:5      | Found a runed translucent gate.
  4470 | D:5      | Noticed Lhightning's ghost (novice HOMo)
  4470 | D:5      | Noticed Edmund
  4473 | D:5      | Found a basalt altar of Yredelemnul.
  4504 | D:5      | Killed Edmund
  5029 | D:5      | Killed Lhightning's ghost
  5030 | D:5      | Reached skill level 1 in Throwing
  5030 | D:5      | Reached XP level 9. HP: 12/61 MP: 0/0
  5030 | D:5      | Learned a level 3 spell: Sigil of Binding
  5233 | D:6      | Found a glowing drain.
  5279 | Sewer    | Entered a sewer
  5290 | Sewer    | Reached *** piety under Cheibriados
  5311 | Sewer    | Noticed Pargi
  5322 | Sewer    | Killed Pargi
  5603 | D:6      | Reached skill level 5 in Dodging
  5890 | D:6      | Slain by a wight

Illustrated notes

Levels and vault maps discovered:
D:1:      dpeg_arrival_refuge, layout_basic, roderic_lattice_a
D:2:      layout_basic, basic_altar, serial_shops, nicolae_shop_hallway_plus,
          nicolae_shop_crystal, shop, shapermc_ecumenical_altar_totnotflames,
          serial_rivers, chequers_serial_rivers_large_b,
          chequers_serial_rivers_micro_b, chequers_serial_rivers_micro_a,
          chequers_serial_rivers_micro_c, hex_large, kennysheep_donut,
          uniq_sigmund
D:3:      layout_basic, nicolae_overflow_hidden_temple, serial_bayou_crossing
D:4:      layout_loops_ring, mainiacjoe_overflow_small_starburst,
          uniq_blork_the_orc, uniq_crazy_yiuf_cottage
D:5:      layout_rooms, nicolae_yredelemnul_ghost_church, serial_shops,
          nicolae_shop_rolling_square, uniq_duvessa, uniq_grinder, uniq_edmund,
          uniq_ijyb
D:6:      layout_basic, portal_sewer_entry_a, chequers_serial_rivers_micro_d

Skill      XL: |  1  2  3  4  5  6  7  8  9 |
---------------+----------------------------+-----
Fighting       | 1 2 3 |  3.7
Armour         | 1 2 3 |  3.7
Stealth        | 2 3 4 |  4.3
Shapeshifting  | 1 2 3 |  3.0
Dodging        | 3 4 5 |  5.2
Spellcasting   | 4 |  4.5
Conjurations   | 4 |  4.5
Hexes          | 4 |  4.5
Summonings     | 4 |  4.5
Necromancy     | 4 |  4.5
Translocations | 4 |  4.5
Fire Magic     | 4 |  4.5
Ice Magic      | 4 |  4.5
Air Magic      | 4 |  4.5
Earth Magic    | 4 |  4.5
Alchemy        | 4 |  4.5
Evocations     | 1 2 3 |  3.2
Short Blades   | 1 2 |  2.9
Invocations    | 1 2 |  2.9
Throwing       | 1 |  1.5

Action                     |  1- 3 |  4- 6 |  7- 9 || total
---------------------------+-------+-------+-------++-------
  Melee: Unarmed           |     1 |       |       ||     1
         Dagger            |       |    15 |   105 ||   120
         Punch             |       |       |     1 ||     1
  Throw: Javelin           |       |       |     6 ||     6
   Cast: Summon Small Mamm |    14 |       |       ||    14
         Call Imp          |    11 |     2 |     2 ||    15
         Magic Dart        |     3 |     3 |     3 ||     9
         Call Canine Famil |     2 |     4 |     8 ||    14
         Ensorcelled Hiber |       |     5 |     2 ||     7
         Summon Lightning  |       |     1 |    11 ||    12
         Momentum Strike   |       |       |     4 ||     4
         Summon Blazeheart |       |       |     3 ||     3
  Evoke: Wand              |       |     2 |    16 ||    18
    Use: Scroll            |     4 |     1 |     9 ||    14
         Potion            |       |       |     8 ||     8
   Stab: Sleeping          |       |     4 |    11 ||    15
         Paralysed         |       |     1 |       ||     1
 Armour: Robe              |    14 |    17 |   100 ||   131
         Skin              |       |       |     5 ||     5
         Troll leather arm |       |       |    59 ||    59
  Dodge: Dodged            |    16 |    13 |   230 ||   259
